 Dungeon Crawl Stone Soup version 0.27.1-33-g824d729ab1 (webtiles) character file.

Game seed: 17785380137335705021

431 13raion the Chopper (level 6, -1/58 HPs)
             Began as a Minotaur Berserker on Dec 2, 2021.
             Was a Believer of Trog.
             Slain by a lemure (8 damage)
             ... led by Pikel
             ... on level 4 of the Dungeon.
             The game lasted 00:06:42 (3939 turns).

13raion the Chopper (Minotaur Berserker)            Turns: 3939, Time: 00:06:43

Health: -1/58      AC:  5    Str: 24    XL:     6   Next: 66%
Magic:  5/5        EV: 10    Int:  4    God:    Trog [**....]
Gold:   137        SH:  4    Dex:  9    Spells: 5/5 levels left

rFire    . . .     SeeInvis .   a - +0 hand axe
rCold    . . .     Faith    .   c - +2 buckler
rNeg     . . .     Spirit   .   i - +0 ring mail
rPois    .         Reflect  .   (helmet restricted)
rElec    .         Harm     .   (no cloak)
rCorr    .         Rampage  .   (no gloves)
Will     .....                  (no boots)
Stlth    ..........             (no amulet)
HPRegen  0.19/turn              (no ring)
MPRegen  0.09/turn              (no ring)

@: on berserk cooldown, slowed, very slow
A: horns 2, retaliatory headbutt
a: Renounce Religion, Berserk, Trog's Hand


You were on level 4 of the Dungeon.
You worshipped Trog.
Trog was pleased with you.
You visited 1 branch of the dungeon, and saw 6 of its levels.

You collected 137 gold pieces.

Inventory:

Hand Weapons
 a - a +0 hand axe (weapon)
Armour
 b - a +0 animal skin
 c - a +2 buckler (worn)
 i - a +0 ring mail (worn)
Wands
 q - a wand of charming (7)
 r - a wand of paralysis (10)
 s - a wand of iceblast (7)
 u - a wand of mindburst (8)
Scrolls
 e - a scroll of holy word {unknown}
 f - a scroll of teleportation {unknown}
 g - a scroll of enchant weapon {unknown}
 k - a scroll of blinking {unknown}
 l - 2 scrolls of identify {unknown}
 m - a scroll of acquirement {unknown}
 n - 3 scrolls of enchant armour {unknown}
 o - 2 scrolls of vulnerability {unknown}
Potions
 d - 3 potions of curing {unknown}
 h - a potion of heal wounds {unknown}
 j - a potion of brilliance {unknown}
 p - a potion of degeneration {unknown}
 t - a potion of invisibility {unknown}


   Skills:
 + Level 6.3 Fighting
 + Level 7.5 Axes
 - Level 2.4 Armour
 - Level 2.1 Dodging


You had 5 spell levels left.
You didn't know any spells.
Your spell library was empty.

Dungeon Overview and Level Annotations

Branches:
Dungeon (6/15)
 Temple: D:4-7

Altars:
Fedhas
Uskayaw

Shops:
D:5 [

Annotations:
D:4 Eustachio, Ijyb


Innate Abilities, Weirdness & Mutations

You have a pair of horns on your head.
You reflexively headbutt those who attack you in melee.


Message History

Ijyb shouts!
You hit the orc.
The orc is lightly wounded.
You closely miss the lemure. The lemure hits you. The orc barely misses you.
Eustachio mumbles some strange words.
Eustachio blinks!
You closely miss the orc.
The orc is lightly wounded.
You hit the lemure. The lemure barely misses you. You block the orc's attack.
The lemure hits you.
You slash the orc wizard! You headbutt the orc wizard!
You kill the orc wizard!
Trog accepts your kill.
Trog appreciates your killing of a magic user.
You hit the lemure but do no damage. You block the lemure's attack.
The lemure hits you.
* * * LOW HITPOINT WARNING * * *
The orc barely misses you.
You hit the lemure but do no damage.
You headbutt the lemure, but do no damage.
You slash the orc!
You kill the orc!
Trog accepts your kill. The lemure hits you.
* * * LOW HITPOINT WARNING * * *
The orc hits you but does no damage.
You closely miss the orc. You headbutt the orc.
You kill the orc!
Trog accepts your kill.
You closely miss the lemure. The lemure hits you.
* * * LOW HITPOINT WARNING * * *
Eustachio gestures wildly while chanting.
Eustachio blinks!
The ball python bites you but does no damage.
You block the ball python's attack. You block the lemure's attack.
You hit the ball python but do no damage.
You hit the lemure but do no damage. The ball python bites you.
* * * LOW HITPOINT WARNING * * *
The ball python barely misses you. The lemure hits you!
You die...

.### o... . .. ... ###
.... ..## .....
...###############......
##..)))...§...@5@Sg#
⌠#..################
##..# ...## ####


You could see Eustachio, a lemure, Ijyb and a ball python.

Vanquished Creatures
  Blork the orc (D:4)
  3 killer bees (D:5)
  A bullfrog zombie (D:5)
  A hound (D:5)
  2 orc priests
  2 orc wizards
  2 adders
  3 dart slugs (D:1)
  6 orcs
  4 ball pythons
  4 bats
  4 endoplasms
  2 goblins
  3 hobgoblins (D:1)
  2 quokkas (D:1)
  2 frilled lizards
  6 kobolds
  2 rats (D:2)
50 creatures vanquished.

Vanquished Creatures (others)
  6 plants (D:1)
6 creatures vanquished.

Grand Total: 56 creatures vanquished

Notes
Turn   | Place    | Note
-------+----------+-------------------------------------------
     0 | D:1      | 13raion the Minotaur Berserker began the quest for the Orb.
     0 | D:1      | Reached XP level 1. HP: 19/19 MP: 0/0
   193 | D:1      | Reached skill level 4 in Axes
   341 | D:1      | Reached XP level 2. HP: 27/27 MP: 1/1
   610 | D:1      | Found a faded altar of an unknown god.
  1724 | D:2      | Reached XP level 3. HP: 34/34 MP: 2/2
  1839 | D:2      | Reached ** piety under Trog
  2543 | D:3      | You fall into a shaft and drop 3 floors!
  2548 | D:5      | Entered Level 5 of the Dungeon
  2567 | D:5      | Reached skill level 5 in Axes
  2567 | D:5      | Reached XP level 4. HP: 5/41 MP: 3/3
  2570 | D:5      | Reached skill level 5 in Fighting
  3056 | D:5      | Reached XP level 5. HP: 27/48 MP: 4/4
  3057 | D:5      | Reached skill level 6 in Axes
  3463 | D:5      | Reached XP level 6. HP: 45/57 MP: 5/5
  3692 | D:5      | Found Atiex's Armour Emporium.
  3820 | D:5      | Found a blossoming altar of Fedhas.
  3823 | D:5      | Found a hide-covered altar of Uskayaw.
  3885 | D:4      | Noticed Eustachio
  3885 | D:4      | Noticed Blork the orc
  3913 | D:4      | Killed Blork the orc
  3914 | D:4      | Reached skill level 7 in Axes
  3933 | D:4      | Noticed Ijyb
  3939 | D:4      | Slain by a lemure

Illustrated notes

Levels and vault maps discovered:
D:1:      saegor_arrival_simple_b, layout_basic,
          dreamdust_ecumenical_altar_hidden_monk_grotto, chequers_big_river,
          minmay_pentomino_w2
D:2:      layout_basic
D:3:      layout_rooms, corexii_item_surrounded_by_moat,
          kennysheep_generic_room_3, uniq_robin
D:4:      layout_rooms, pdpol_wu_jian_five_deadly_venoms,
          minmay_temple_entry_tees, feat_on_display, uniq_eustachio,
          uniq_blork_the_orc, uniq_ijyb, uniq_pikel
D:5:      layout_basic, mainiacjoe_overflow_catch_the_wave, serial_shops, shop
D:6:      layout_rooms, nicolae_overflow_hidden_temple, xom_butterflies,
          serial_rivers, chequers_serial_rivers_micro_e,
          chequers_serial_rivers_small_3, chequers_serial_rivers_small_b,
          chequers_serial_rivers_micro_c, chequers_serial_rivers_large_b,
          minmay_misc_feat_enclosed

Skill      XL: |  1  2  3  4  5  6 |
---------------+-------------------+-----
Fighting       | 4 5 6 |  6.3
Axes           | 4 5 6 7 |  7.5
Armour         | |  2.4
Dodging        | |  2.1

Action                   |  1- 3 |  4- 6 || total
-------------------------+-------+-------++-------
Melee: Hand axe          |    88 |    49 ||   137
       Headbutt          |    10 |     8 ||    18
Invok: Berserk           |       |     2 ||     2
       Trog's Hand       |       |     1 ||     1
Armor: Animal skin       |     7 |       ||     7
       Ring mail         |    19 |    15 ||    34
Dodge: Dodged            |    33 |    24 ||    57
Block: Buckler           |    22 |    12 ||    34
